 Dungeon Crawl Stone Soup version 0.30.0-3-ga4e48a9924 (webtiles) character file.

Game seed: 9187919382631173866

142 Daunt the Sneak (level 5, -1/30 HPs)
             Began as a Kobold Air Elementalist on May 8, 2023.
             Killed by divine providence
             ... invoked by an orc priest
              (12 damage)
             ... on level 4 of the Dungeon.
             The game lasted 00:12:55 (3010 turns).

Daunt the Sneak (Kobold Air Elementalist)           Turns: 3010, Time: 00:12:56

Health: -1/30      AC:  3    Str:  6    XL:     5   Next: 49%
Magic:  0/8        EV: 15    Int: 18    God:
Gold:   163        SH:  0    Dex: 15    Spells: 6/9 levels left

rFire   . . .        d - +2 spear (flame)
rCold   . . .        (no shield)
rNeg    . . .        c - +0 robe
rPois   .            (no helmet)
rElec   .            l - +0 cloak
rCorr   .            (no gloves)
SInv    .            (no boots)
Will    .....        (no amulet)
Stlth   +++          (no ring)
HPRegen 0.25/turn    (no ring)
MPRegen 0.11/turn

%: no passive effects
@: no status effects
A: small, no large weapons, nightstalker 3
a: no special abilities


You were on level 4 of the Dungeon.
You visited 1 branch of the dungeon, and saw 4 of its levels.

You collected 163 gold pieces.

Inventory:

Hand Weapons
 a - a +0 dagger
 d - a +2 spear of flaming (weapon)
 u - a +1 short sword of freezing
Missiles
 g - 29 stones
Armour
 c - a +0 robe (worn)
 h - a +0 ring mail
 l - a +0 cloak (worn)
 o - a +0 leather armour
 v - a scarf of repulsion
Wands
 s - a wand of flame (27)
Scrolls
 f - a scroll of fog
 i - 4 scrolls of identify
 m - 2 scrolls of poison {unknown}
 q - a scroll of vulnerability {unknown}
 r - a scroll of teleportation {unknown}
Potions
 b - 2 potions of magic
 e - a potion of might {unknown}
 j - a potion of berserk rage {unknown}
 k - a potion of curing
 n - a potion of resistance {unknown}
 p - a potion of cancellation {unknown}
 t - a potion of mutation {unknown}
 w - a potion of brilliance {unknown}


   Skills:
 + Level 1.8 Fighting
 + Level 3.0 Dodging
 + Level 3.6 Stealth
 + Level 2.5 Spellcasting
 + Level 3.3 Conjurations
 + Level 3.3 Air Magic


You had 6 spell levels left.
You knew the following spells:

 Your Spells              Type           Power      Damage    Failure   Level
a - Shock                 Conj/Air       56%        1d6       4%          1
b - Static Discharge      Conj/Air       28%        2-4/arc   7%          2

Your spell library contained the following spells:

 Spells                   Type           Power      Damage    Failure   Level
 Swiftness                Air            14%        N/A       13%         3
 Airstrike                Air            7%         2d(1-17)  41%         4


Dungeon Overview and Level Annotations

Branches:
Dungeon (4/15)
 Temple: D:4-7

Altars:

Shops:
D:1 *

Annotations:
D:1 1 transporter


Innate Abilities, Weirdness & Mutations

You are small and have problems with some larger weapons.
You are completely attuned to the shadows.


Message History

The zap hits something.
Something hits you but does no damage.
Casting: Shock (safe; 4% risk of failure)
Confirm with . or Enter, or press ? or * to list all spells.
Aiming: Shock (safe; 4% risk of failure)
Press: ? - help, Shift-Dir - straight line, f - orc priest
Aim: an orc priest, wielding a +1 whip of distortion (68% to hit)
The zap hits something.
Reactivating autopickup.
You feel a bit more experienced.
The zap misses the orc priest.
Your Dodging skill increases to level 3!
Casting: Shock (safe; 4% risk of failure)
Confirm with . or Enter, or press ? or * to list all spells.
Aiming: Shock (safe; 4% risk of failure)
Press: ? - help, Shift-Dir - straight line, f - orc priest
Aim: an orc priest, wielding a +1 whip of distortion (71% to hit)
The zap hits the orc priest.
The orc priest is moderately wounded.
A mummy comes into view.
Casting: Shock (safe; 4% risk of failure)
Confirm with . or Enter, or press ? or * to list all spells.
Aiming: Shock (safe; 4% risk of failure)
Press: ? - help, Shift-Dir - straight line, f - orc priest
Aim: an orc priest, wielding a +1 whip of distortion (moderately wounded, 71% to hit)
The zap hits the orc priest.
The orc priest is severely wounded.
The zap hits the mummy.
The mummy is lightly damaged.
The orc priest mumbles some strange prayers to Beogh against you.
Beogh smites you!
* * * LOW HITPOINT WARNING * * *
Unknown command.
Unknown command.
It was a potion of curing.
You feel better.
Unknown command.
Unknown command.
You closely miss the orc priest.
The orc priest is severely wounded.
The orc priest invokes the aid of Beogh against you.
Beogh smites you!
You die...

....... #.###.#..#
.##.... #..##....#
..#.#.# ###...#.##.####
..#.# .##Z+......).....
.... ...# #...#.##.[...
..# #...##..##M.+..o..
..#####....#.###..#.....
............## +o.#.....
..####.......# #@## ..#
#........##.# ..##
#......#..#.# ...#
##'###......# ...####.#
### ... .†.'....#
...###### ...# ...#


You could see a mummy and an orc priest.

Vanquished Creatures
  An orc wizard (D:4)
  5 adders
  A gnoll (D:3)
  A worm (D:3)
  An orc (D:4)
  3 endoplasms
  5 giant cockroaches
  9 hobgoblins
  4 quokkas
  2 ball pythons
  2 bats
  2 frilled lizards
  10 goblins
  5 kobolds
  4 rats
55 creatures vanquished.

Notes
Turn   | Place    | Note
-------+----------+-------------------------------------------
     0 | D:1      | Daunt the Kobold Air Elementalist began the quest for the
                  | Orb.
     0 | D:1      | Reached XP level 1. HP: 10/10 MP: 3/3
   330 | D:1      | Reached XP level 2. HP: 16/16 MP: 5/5
   338 | D:1      | Found a transporter.
   366 | D:1      | Reached skill level 1 in Fighting
   536 | D:1      | Found a transporter.
   750 | D:1      | Learned a level 2 spell: Static Discharge
   820 | D:1      | Found Orarub's Assorted Antiques.
   972 | D:2      | Reached XP level 3. HP: 13/20 MP: 0/6
  1273 | D:2      | Reached XP level 4. HP: 25/25 MP: 3/7
  2568 | D:3      | Reached XP level 5. HP: 29/29 MP: 5/8
  3010 | D:4      | Killed from afar by an orc priest

Illustrated notes

Levels and vault maps discovered:
D:1:      spicycebolla_arrival_risky_transporter, layout_rooms, serial_shops,
          nicolae_shop_drivethru
D:2:      layout_basic, minmay_goblin_outpost
D:3:      layout_basic, dreamdust_wishing_well, minmay_misc_feat_four_crosses,
          amcnicky_mini_rare_corridor_liquid
D:4:      layout_basic, serial_shops, nicolae_shop_waterfront,
          nicolae_ossuary_entry_giza

Skill      XL: |  1  2  3  4  5 |
---------------+----------------+-----
Stealth        | 3 |  3.6
Fighting       | 1 |  1.8
Conjurations   | 2 3 |  3.3
Dodging        | 3 |  3.0
Spellcasting   | |  2.5
Air Magic      | |  3.3

Action                     |  1- 3 |  4- 6 || total
---------------------------+-------+-------++-------
  Melee: Dagger            |     6 |       ||     6
         Spear             |     3 |    50 ||    53
   Cast: Shock             |    46 |    56 ||   102
    Use: Scroll            |       |     1 ||     1
         Potion            |       |     1 ||     1
   Stab: Sleeping          |     1 |     1 ||     2
 Armour: Robe              |     3 |     7 ||    10
  Dodge: Dodged            |    11 |    26 ||    37
